 Dungeon Crawl Stone Soup version 0.26-a0-670-g578ab304f5 (webtiles) character file.

Game seed: 6753941406357661634

28 Johnny the Digger (level 2, 0/20 HPs)
             Began as a Demigod Earth Elementalist on Oct 19, 2020.
             Slain by Terence
             ... wielding a +0 hand axe
              (6 damage)
             ... on level 1 of the Dungeon.
             The game lasted 00:01:57 (1368 turns).

Johnny the Digger (Demigod Earth Elementalist)      Turns: 1368, Time: 00:01:58

Health: 0/20       AC:  4    Str: 11    XL:     2   Next: 78%
Magic:  1/7        EV: 12    Int: 25    God:
Gold:   107        SH:  0    Dex: 16    Spells: 4/5 levels left

rFire    . . .     SeeInvis .   l - +0 dagger (speed)
rCold    . . .     Faith    .   (no shield)
rNeg     . . .     Spirit   .   c - +1 robe
rPois    .         Reflect  .   (no helmet)
rElec    .         Harm     .   n - +0 cloak
rCorr    .         Rampage  .   (no gloves)
MR       .....                  (no boots)
Stlth    ++........             (no amulet)
HPRegen  0.06/turn              h - +6 ring of intelligence
MPRegen  0.10/turn              (no ring)

@: flying
A: high mp 1
a: no special abilities


You were on level 1 of the Dungeon.
You visited 1 branch of the dungeon, and saw 2 of its levels.

You collected 107 gold pieces.

Inventory:

Hand Weapons
 l - a +0 dagger of speed (weapon)
Armour
 c - a +1 robe (worn)
 n - a +0 cloak (worn)
Jewellery
 h - a +6 ring of intelligence (left hand)
 m - an uncursed ring of ice
Scrolls
 f - 3 scrolls of remove curse
 k - a scroll of enchant armour


   Skills:
 - Level 1.7 Dodging
 - Level 1.7 Stealth
 + Level 2.2 Spellcasting
   Level 0.8 Transmutations
 * Level 3.5 Earth Magic


You had 4 spell levels left.
You knew the following spells:

 Your Spells              Type           Power        Failure   Level
a - Sandblast             Erth           ###...       2%          1

Your spell library contained the following spells:

 Spells                   Type           Power        Failure   Level
 Passwall                 Tmut/Erth      ##......     7%          2
 Stone Arrow              Conj/Erth      ##....       16%         3
 Petrify                  Tmut/Erth      ##......     41%         4
 Lee's Rapid Deconstruct  Erth           ###.......   58%         5


Dungeon Overview and Level Annotations

Branches:
Dungeon (2/15)

Annotations:
D:1 Terence


Innate Abilities, Weirdness & Mutations

You have an increased reservoir of magic. (+10% MP)


Message History

b - 2 stones Terence barely misses you.
Casting: Sandblast (safe; 2% risk of failure)
Confirm with . or Enter, or press ? or * to list all spells.
Aiming: Sandblast (safe; 2% risk of failure)
Press: ? - help, Shift-Dir - straight line, f/p - Terence
Aim: Terence, wielding a +0 hand axe and wearing a cursed +0 chain mail (purple smoke, almost dead)
The blast of sand hits Terence.
Terence is almost dead.
b - a stone Terence closely misses you.
Casting: Sandblast (safe; 2% risk of failure)
Confirm with . or Enter, or press ? or * to list all spells.
Aiming: Sandblast (safe; 2% risk of failure)
Press: ? - help, Shift-Dir - straight line, f/p - Terence
Aim: Terence, wielding a +0 hand axe and wearing a cursed +0 chain mail (purple smoke, almost dead)
The blast of sand hits Terence but does no damage.
Terence is almost dead.
You now have no stones remaining.
Terence hits you with a +0 hand axe.
You die...

..#########.# #.### #.
#...†....##.# #.# #.
########.##.# #.# #. #.##.#
#.# #. ########.##.# #.# #.
.......†....# #># #.
.#######.#### #§# #. )# #.#
#@######### #. .# #.#
#§@#......## #. .## #.#
####..##...#######. ..#
############......#........)
#.#
##..§..§.§§..........########
#.# #....§≈§≈§§......##.##
#.# #...§≈≈§§≈§≈§....##.# #.#
#<..§≈≈)>(≈≈.....##.# #.#
#....≈≈≈≈§§§....###.# #.#
#.....≈≈≈≈≈.....# #)#


You could see Terence.

Vanquished Creatures
  A ball python (D:1)
  2 giant cockroaches (D:1)
  6 hobgoblins
  5 kobolds (D:1)
  A bat (D:1)
  5 goblins (D:1)
  3 rats (D:1)
23 creatures vanquished.

Notes
Turn   | Place    | Note
-------+----------+-------------------------------------------
     0 | D:1      | Johnny the Demigod Earth Elementalist began the quest for
                  | the Orb.
     0 | D:1      | Reached XP level 1. HP: 14/14 MP: 5/5
   336 | D:1      | You fall into a shaft and drop 1 floor!
   339 | D:2      | Noticed Terence
   407 | D:1      | Reached skill level 3 in Earth Magic
   476 | D:1      | Reached XP level 2. HP: 20/20 MP: 0/7
  1368 | D:1      | Slain by Terence

Illustrated notes

Levels and vault maps discovered:
D:1:      lemuel_arrival_lava_pool, layout_loops_ring
D:2:      layout_basic, nicolae_overflow_hidden_temple, lemuel_round_altar,
          uniq_terence

Skill      XL: |  1 |
---------------+----+-----
Earth Magic    | 3 |  3.5
Spellcasting   | 2 |  2.2
Dodging        | |  1.7
Stealth        | |  1.7
Transmutations | |  0.8

Action                   || total
-------------------------++-------
Melee: Unarmed           ||    17
       Dagger            ||    21
 Cast: Sandblast         ||    42
  Use: Scroll            ||     5
       Potion            ||     4
 Stab: Sleeping          ||     1
Armor: Robe              ||    12
Dodge: Dodged            ||    36

Table legend: (Time is in decaauts)
 A = Elapsed time spent in this place.
 B = Non-inter-level travel time spent in this place.
 C = Inter-level travel time spent in this place.
 D = Time resting spent in this place.
 E = Time spent auto-exploring this place.
 F = Levels seen in this place.
 G = Mean time per level.
                   A        B        C        D        E       F      G
               +--------+--------+--------+--------+--------+-----+--------+
         Total |   1360 |   1335 |     25 |    263 |    855 |   2 |  680.0 |
       Dungeon |   1360 |   1335 |     25 |    263 |    855 |   2 |  680.0 |
               +--------+--------+--------+--------+--------+-----+--------+

Top non-repeatable levels by time:
     D:1: 1349 daAuts
     D:2: 10 daAuts
